 Dungeon Sprint DCSS version 0.27.1 (webtiles) character file.

Game seed: 2386681074562465734

5876 styxcanada the Imperceptible (level 10, -18/79 HPs)
             Began as a Spriggan Brigand on Aug 31, 2021.
             Was an Initiate of Gozag.
             Demolished by a death yak (40 damage)
             ... summoned by a spriggan berserker
             ... in the Dungeon (Sprint IV: "Fedhas' Mad Dash").
             The game lasted 00:12:13 (1244 turns).

styxcanada the Imperceptible (Spriggan Brigand)     Turns: 1244, Time: 00:12:13

Health: -18/79     AC:  6    Str: 13    XL:     10   Next: 52%
Magic:  4/19       EV: 24    Int: 13    God:    Gozag
Gold:   1411       SH:  8    Dex: 20    Spells: 13/20 levels left

rFire    . . .     SeeInvis +   a - +2 dagger
rCold    . . .     Faith    .   n - +0 buckler
rNeg     . . .     Spirit   .   u - +1 troll leather armour
rPois    .         Reflect  .   (helmet restricted)
rElec    .         Harm     .   c - +0 cloak
rCorr    .         Rampage  .   (gloves unavailable)
Will     +....     NoTele   +   (boots unavailable)
Stlth    ..........             l - amulet of invisibility {+Inv}
HPRegen  1.23/turn              r - +6 ring of strength
MPRegen  0.16/turn              (no ring)

@: berserking, very quick
A: very small, no large weapons, unfitting armour, see invisible, speed 3
a: Renounce Religion, Evoke Invisibility, Potion Petition, Call Merchant, Bribe
Branch


You were in the Dungeon.
You worshipped Gozag.
Gozag was most pleased with you.
You visited 1 branch You collected 2123 gold pieces.
You spent 712 gold pieces at shops.

Inventory:

Hand Weapons
 a - a +2 dagger (weapon)
 p - a +3 vorpal long sword
Missiles
 d - 2 poisoned darts (quivered)
 e - 2 curare-tipped darts
 t - 28 stones
Armour
 c - a +0 cloak (worn)
 n - a +0 buckler (worn)
 u - a +1 troll leather armour (worn)
Jewellery
 l - the amulet of invisibility (around neck) {+Inv}
   (You found it in the Dungeon)

   [amulet of nothing]

   +Inv:      It lets you turn invisible.
 r - a +6 ring of strength (left hand)
Wands
 m - a wand of iceblast (1)
Potions
 f - 3 potions of curing
 h - a potion of haste
 i - 2 potions of magic
 o - 2 potions of might
 s - a potion of flight {unknown}


   Skills:
 * Level 6.4 Fighting
 + Level 5.5 Short Blades
 + Level 4.8 Throwing
 * Level 10.2 Dodging
 * Level 22.8 Stealth
 * Level 4.6 Shields
 * Level 5.5 Spellcasting
 * Level 3.0 Conjurations
 * Level 3.2 Ice Magic
 * Level 4.0 Air Magic
 * Level 4.4 Poison Magic
 * Level 11.7 Evocations


You had 13 spell levels left.
You knew the following spells:

 Your Spells              Type           Power      Damage    Failure   Level
a - Poisonous Vapours     Pois/Air       28%        N/A       8%          2
b - Freezing Cloud        Conj/Ice/Air   6%         6-21      88%         5

Your spell library contained the following spells:

 Spells                   Type           Power      Damage    Failure   Level
 Shock                    Conj/Air       48%        1d6       6%          1
 Freeze                   Ice            48%        1d7       7%          1
 Swiftness                Air            14%        N/A       16%         3
 Corpse Rot               Necr/Air       N/A        N/A       19%         2
 Frozen Ramparts          Ice            24%        1d4       22%         3
 Animate Skeleton         Necr           6%         N/A       28%         1
 Apportation              Tloc           6%         N/A       28%         1
 Corona                   Hex            3%         N/A       28%         1
 Summon Small Mammal      Summ           12%        N/A       28%         1
 Airstrike                Air            7%         N/A       45%         4
 Hailstorm                Conj/Ice       11%        3d5       58%         4
 Animate Armour           Summ/Erth      6%         N/A       95%         4
 Blade Hands              Tmut           1%         N/A       100%        5
 Iron Shot                Conj/Erth      3%         9d2       100%        6


Dungeon Overview and Level Annotations

Branches:
Dungeon (1/1)

Altars:
Cheibriados
Dithmenos
Elyvilon
Gozag
Hepliaklqana
Kikubaaqudgha
Makhleb
Nemelex Xobeh
Okawaru
Qazlal
Ru
Sif Muna
Trog
Uskayaw
Vehumet
Wu Jian
Xom
Yredelemnul
Zin
The Shining One
Beogh
Jiyva
Lugonu

Shops:
D !:!!::[(

Annotations:
D Agnes


Innate Abilities, Weirdness & Mutations

You are very small and have problems with some larger weapons.
You are too small for most types of armour.
You have supernaturally acute eyesight. (SInv)
You cover ground extremely quickly. (Speed+++)


Message History

There is an open door here.
You hear an angry growl.
You see here a +0 pair of gloves.
There is an open door here.
The death yak rages.
You see here 16 bolts.
Throw: 4 darts (poison)
Press: ? - help, Q - select action, (/) - cycle Shift-Dir - straight line, f/p - death yak
Aim: a death yak (lightly wounded, summoned, berserk, poisoned, 82% to hit)
You throw a poisoned dart.
The poisoned dart barely misses the death yak.
The death yak misses you.
Throw: 3 darts (poison)
Press: ? - help, Q - select action, (/) - cycle Shift-Dir - straight line, f/p - death yak
Aim: a death yak (lightly wounded, summoned, berserk, poisoned, 82% to hit)
You throw a poisoned dart. The poisoned dart hits the death yak.
The death yak looks even sicker.
The death yak is lightly wounded.
You hear an angry growl.
You block the death yak's attack.
You aren't carrying any scrolls.
A red film seems to cover your vision as you go berserk!
You feel yourself moving faster!
You feel mighty! The death yak gores you!!
You hear an angry growl.
You hit the death yak but do no damage.
The death yak is lightly wounded.
You block the death yak's attack.
You hit the death yak.
The death yak is lightly wounded.
You block the death yak's attack.
You hit the death yak but do no damage.
The death yak is lightly wounded.
The death yak gores you!
* * * LOW HITPOINT WARNING * * *
You puncture the death yak!
The death yak is lightly wounded.
The death yak gores you!!!
Ouch! That really hurt!
You die...
Your body crumbles into a pile of gold.

######################
.⌠.#..i.))#....##∩##.#
_.i'..#...#(...Y@.##'#
...#..###'##.[)##∩#..####
_..#..##∩∩.'...#####....#
.⌠.#################...∩#
########......###..!..♣.#
##Y'..'.......'.)[..♣..∩#
#..#..#.P.....###########
##.##'##.P....#
...#♣i♣########


You could see a death yak (summoned, berserk, very poisoned).

Vanquished Creatures
  A spriggan druid (D)
  6 oklob plants (D)
  A demonic crawler (D)
  A queen bee (D)
  3 burning bushes (D)
  3 wandering mushrooms (D)
  A hornet (D)
  3 scorpions (D)
  4 killer bees (D)
  5 oklob saplings (D)
  5 spriggans (D)
  A river rat (D)
  A rat (D)
  A ballistomycete spore (D)
36 creatures vanquished.

Vanquished Creatures (others)
  A fungus (D)
1 creature vanquished.

Grand Total: 37 creatures vanquished

Notes
Turn   | Place    | Note
-------+----------+-------------------------------------------
     0 | D        | styxcanada the Spriggan Brigand began the quest for the
                  | Orb.
     0 | D        | Reached XP level 1. HP: 10/10 MP: 2/2
    15 | D        | Reached skill level 7 in Stealth
    15 | D        | Reached XP level 2. HP: 14/15 MP: 3/3
   148 | D        | Noticed an oklob sapling
   150 | D        | Killed an oklob sapling
   151 | D        | Reached skill level 9 in Stealth
   151 | D        | Reached XP level 3. HP: 18/18 MP: 4/4
   152 | D        | Noticed a scorpion
   152 | D        | Found the amulet of invisibility {+Inv}
   154 | D        | Killed a scorpion
   155 | D        | Reached skill level 11 in Stealth
   155 | D        | Reached XP level 4. HP: 23/23 MP: 5/5
   177 | D        | Found an opulent altar of Gozag.
   177 | D        | Found a hazy altar of Hepliaklqana.
   177 | D        | Found a burning altar of Makhleb.
   177 | D        | Found a sparkling altar of Nemelex Xobeh.
   177 | D        | Found a snail-covered altar of Cheibriados.
   177 | D        | Found a sacrificial altar of Ru.
   177 | D        | Found a shimmering blue altar of Sif Muna.
   177 | D        | Found a shimmering altar of Xom.
   177 | D        | Found a basalt altar of Yredelemnul.
   178 | D        | Found a viscous altar of Jiyva.
   178 | D        | Found a bloodstained altar of Trog.
   178 | D        | Found an ornate altar of the Wu Jian Council.
   179 | D        | Found an iron altar of Okawaru.
   179 | D        | Found a shadowy altar of Dithmenos.
   179 | D        | Found a glowing silver altar of Zin.
   180 | D        | Found an ancient bone altar of Kikubaaqudgha.
   180 | D        | Found a hide-covered altar of Uskayaw.
   181 | D        | Found a stormy altar of Qazlal.
   181 | D        | Found a white marble altar of Elyvilon.
   181 | D        | Found a glowing golden altar of the Shining One.
   182 | D        | Became a worshipper of Gozag Ym Sagoz the Greedy
   183 | D        | Found a corrupted altar of Lugonu.
   183 | D        | Found a radiant altar of Vehumet.
   187 | D        | Reached skill level 13 in Stealth
   187 | D        | Reached skill level 1 in Evocations
   187 | D        | Reached XP level 5. HP: 28/28 MP: 3/6
   223 | D        | Reached skill level 5 in Dodging
   229 | D        | Reached skill level 14 in Stealth
   232 | D        | Reached skill level 15 in Stealth
   232 | D        | Reached XP level 6. HP: 33/33 MP: 5/7
   270 | D        | Found Qeestuw's Book Shop.
   270 | D        | Found Afuklios's Distillery.
   276 | D        | Bought a potion of might for 48 gold pieces
   276 | D        | Bought a potion of might for 48 gold pieces
   276 | D        | Bought a potion of heal wounds for 60 gold pieces
   328 | D        | Noticed a burning bush
   328 | D        | Noticed a wandering mushroom
   329 | D        | Noticed a wandering mushroom
   332 | D        | Killed a burning bush
   333 | D        | Reached skill level 16 in Stealth
   333 | D        | Reached skill level 1 in Shields
   333 | D        | Reached skill level 5 in Evocations
   333 | D        | Killed a wandering mushroom
   334 | D        | Reached skill level 17 in Stealth
   334 | D        | Reached XP level 7. HP: 38/38 MP: 5/8
   334 | D        | Killed a wandering mushroom
   335 | D        | Reached skill level 18 in Stealth
   337 | D        | Reached XP level 8. HP: 42/42 MP: 5/9
   347 | D        | Found Efaff's Book Emporium.
   347 | D        | Found Nomiva Oxku's Book Shoppe.
   355 | D        | Bought a book of Vapours for 336 gold pieces
   358 | D        | Learned a level 2 spell: Poisonous Vapours
   407 | D        | Noticed a queen bee
   414 | D        | Killed a queen bee
   415 | D        | Reached skill level 19 in Stealth
   415 | D        | Reached skill level 1 in Spellcasting
   415 | D        | Reached skill level 1 in Air Magic
   415 | D        | Reached skill level 1 in Poison Magic
   416 | D        | Reached skill level 5 in Fighting
   472 | D        | Learned a level 5 spell: Freezing Cloud
   482 | D        | Noticed an oklob plant
   485 | D        | Killed an oklob plant
   486 | D        | Reached skill level 20 in Stealth
   500 | D        | Noticed a burning bush
   503 | D        | Killed a burning bush
   504 | D        | Reached skill level 5 in Short Blades
   504 | D        | Reached skill level 1 in Conjurations
   504 | D        | Reached skill level 1 in Ice Magic
   504 | D        | Reached XP level 9. HP: 47/47 MP: 12/14
   557 | D        | Noticed a burning bush
   557 | D        | Noticed an oklob plant
   558 | D        | Noticed a wandering mushroom
   559 | D        | Killed a burning bush
   564 | D        | Killed an oklob plant
   568 | D        | Killed a wandering mushroom
   569 | D        | Reached skill level 21 in Stealth
   643 | D        | Noticed a spriggan druid
   645 | D        | Killed a spriggan druid
   646 | D        | Reached skill level 10 in Evocations
   702 | D        | Noticed an oklob plant conjurer
   703 | D        | Killed an oklob plant conjurer
   776 | D        | Noticed an oklob plant
   776 | D        | Noticed an oklob plant summoner
   777 | D        | Noticed an oklob plant shifter
   781 | D        | Killed an oklob plant
   782 | D        | Reached XP level 10. HP: 53/53 MP: 14/18
   783 | D        | Killed an oklob plant summoner
   784 | D        | Reached skill level 22 in Stealth
   786 | D        | Killed an oklob plant shifter
   787 | D        | Reached skill level 5 in Spellcasting
   835 | D        | Reached skill level 10 in Dodging
  1013 | D        | Noticed a spriggan rider
  1014 | D        | Found Lumiunusk's Armour Emporium.
  1022 | D        | Killed a spriggan rider
  1034 | D        | Found Zugrug's Antique Weapon Shoppe.
  1051 | D        | Bought a +1 troll leather armour for 220 gold pieces
  1152 | D        | Noticed Agnes
  1154 | D        | Found Junieq's Distillery.
  1154 | D        | Noticed a spriggan berserker
  1156 | D        | Found Huwnur's Distillery.
  1161 | D        | Noticed a death yak
  1173 | D        | Noticed a death yak
  1216 | D        | Noticed a death yak
  1244 | D        | Demolished by a death yak

Illustrated notes

Levels and vault maps discovered:
D:        dungeon_sprint_fedhas [sprint_temple]

Skill      XL: |  1  2  3  4  5  6  7  8  9 10 |
---------------+-------------------------------+-----
Dodging        | 2 3 4 5 7 8 9 10 | 10.2
Stealth        | 7 9 11 13 15 17 18 20 21 22 | 22.8
Fighting       | 2 3 4 5 6 |  6.4
Throwing       | 3 4 |  4.8
Short Blades   | 3 4 5 |  5.5
Evocations     | 1 3 6 8 10 11 | 11.7
Shields        | 2 3 4 |  4.6
Spellcasting   | 3 4 5 |  5.5
Air Magic      | 2 3 4 |  4.0
Poison Magic   | 2 3 4 |  4.4
Conjurations   | 1 2 3 |  3.0
Ice Magic      | 1 2 3 |  3.2

Action                   |  1- 3 |  4- 6 |  7- 9 | 10-12 || total
-------------------------+-------+-------+-------+-------++-------
Melee: Dagger            |     9 |     7 |    18 |    18 ||    52
Throw: Dart              |     8 |       |       |     6 ||    14
 Cast: Poisonous Vapours |       |       |       |     4 ||     4
 Abil: Evoke Invisibilit |       |     4 |     6 |     2 ||    12
Evoke: Wand              |       |       |       |     8 ||     8
  Use: Scroll            |       |       |     1 |     1 ||     2
       Potion            |       |       |       |     3 ||     3
 Stab: Sleeping          |     3 |     7 |    18 |     2 ||    30
Dodge: Dodged            |     1 |       |       |    33 ||    34
Block: Buckler           |       |       |       |     9 ||     9
